 Dungeon Crawl Stone Soup version 0.21.1-1-g345015f (webtiles) character file.

67 equalderp2856 the Covered (level 3, 0/33 HPs)
             Began as a Minotaur Fighter on May 9, 2018.
             Slain by an orc priest
             ... wielding a +0 morningstar
              (7 damage)
             ... on level 3 of the Dungeon.
             The game lasted 00:01:29 (1481 turns).

equalderp2856 the Covered (Minotaur Fighter)        Turns: 1481, Time: 00:01:29

Health: 0/33       AC:  7    Str: 20    XL:     3   Next: 98%
Magic:  2/2        EV:  7    Int:  9    God:
Gold:   128        SH:  9    Dex: 10    Spells: 2/2 levels left

rFire    . . .     SeeInvis .   a - +0 war axe
rCold    . . .     Gourm    .   c - +0 shield
rNeg     . . .     Faith    .   b - +0 scale mail
rPois    +         Spirit   .   (helmet restricted)
rElec    .         Reflect  .   (no cloak)
rCorr    .         Harm     .   (no gloves)
MR       .....                  (no boots)
Stlth    ..........             (no amulet)
HPRegen  0.11/turn              e - ring of poison resistance
MPRegen  0.08/turn              l - +4 ring of intelligence

@: no status effects
A: retaliatory headbutt, horns 2
a: no special abilities


You were on level 3 of the Dungeon.
You were not hungry.

You visited 1 branch of the dungeon, and saw 3 of its levels.

You collected 128 gold pieces.

Inventory:

Hand Weapons
 a - a +0 war axe (weapon)
Armour
 b - a +0 scale mail (worn)
 c - a +0 shield (worn)
 m - a +0 plate armour
Jewellery
 e - a ring of poison resistance (left hand)
 l - a +4 ring of intelligence (right hand)
Scrolls
 g - 2 scrolls of remove curse {unknown}
 h - a scroll of noise {unknown}
 i - a scroll of enchant armour {unknown}
 k - 2 scrolls of identify {unknown}
 q - a scroll of enchant weapon {unknown}
 r - a scroll of amnesia {unknown}
Potions
 d - 2 potions of might
 j - 2 potions of haste {unknown}
 n - a potion of curing {unknown}
 o - a potion of cancellation {unknown}
Comestibles
 f - 2 rations
 p - 5 chunks of flesh


   Skills:
 + Level 4.1 Fighting
 + Level 3.4 Axes
 + Level 4.5 Armour
 + Level 0.3 Dodging
 + Level 4.0 Shields


You had 2 spell levels left.
You didn't know any spells.

Dungeon Overview and Level Annotations

Branches:
Dungeon (3/15)

Altars:
Cheibriados
Hepliaklqana
Kikubaaqudgha


Innate Abilities, Weirdness & Mutations

You reflexively headbutt those who attack you in melee.
You have a pair of horns on your head.


Message History

The orc priest casts a cantrip, but nothing happens.
You slash the hobgoblin!
You kill the hobgoblin!
You slash the leopard gecko!
You kill the leopard gecko!
You see here a club.
You hit the orc priest. You headbutt the orc priest.
The orc priest is moderately wounded.
You block the orc priest's attack.
You hit the orc priest.
The orc priest is heavily wounded.
The orc priest invokes the aid of Beogh against you.
Beogh smites you!
The orc priest calls down the wrath of Beogh upon you.
Beogh smites you!
* * * LOW HITPOINT WARNING * * *
You barely miss the orc priest.
The orc priest is heavily wounded.
The orc priest hits you with a morningstar!
You die...

#.## .#
#<.##### ..
##.....# #.
#.....# #.
##....# #.
#....# #.
#####....#
#.##........#
#o@..###....#
........###
#....#
.######..
#....# ##.#
#....# .#
###### .# .#
.#


You could see an orc priest.

Vanquished Creatures
  An adder (D:2)
  2 dart slugs
  2 leopard geckos
  5 bats
  5 giant cockroaches
  4 goblins (D:1)
  12 hobgoblins
  4 jackals (D:2)
  3 frilled lizards (D:2)
  4 kobolds (D:1)
  4 rats
46 creatures vanquished.

Notes
Turn   | Place    | Note
-------+----------+-------------------------------------------
     0 | D:1      | equalderp2856 the Minotaur Fighter began the quest for the Orb.
     0 | D:1      | Reached XP level 1. HP: 19/19 MP: 0/0
   113 | D:1      | Reached XP level 2. HP: 27/27 MP: 1/1
   560 | D:1      | Reached XP level 3. HP: 33/33 MP: 2/2
   801 | D:2      | Found an ancient bone altar of Kikubaaqudgha.
   981 | D:2      | Found a hazy altar of Hepliaklqana.
  1161 | D:2      | Found a snail-covered altar of Cheibriados.
  1481 | D:3      | Slain by an orc priest

Skill      XL: |  1  2  3 |
---------------+----------+-----
Fighting       | 4 |  4.1
Armour         | 4 |  4.5
Axes           | 3 |  3.4
Shields        | 4 |  4.0
Dodging        | |  0.3

Action                   || total
-------------------------++-------
Melee: War axe           ||    96
       Headbutt          ||    10
  Eat: Chunk             ||     2
Armor: Scale mail        ||    48
Dodge: Dodged            ||    37
Block: Shield            ||    52
